 Dungeon Crawl Stone Soup version 0.22.0-16-gc6d26f6 (webtiles) character file.

39 Amnesiac the Chiller (level 3, -2/24 HPs)
             Began as a Mummy Ice Elementalist on Aug 17, 2018.
             Killed by divine providence
             ... invoked by an orc priest
              (15 damage)
             ... on level 3 of the Dungeon.
             The game lasted 00:01:21 (442 turns).

Amnesiac the Chiller (Mummy Ice Elementalist)        Turns: 442, Time: 00:01:22

Health: -2/24      AC:  3    Str: 11    XL:     3   Next: 26%
Magic:  7/7        EV: 11    Int: 15    God:
Gold:   27         SH:  0    Dex: 12    Spells: 7/8 levels left

rFire    x . .     SeeInvis .   c - +1 hunting sling (flame)
rCold    + . .     Gourm    .   (no shield)
rNeg     + + +     Faith    .   f - +0 leather armour (curse)
rPois    ∞         Spirit   .   (no helmet)
rElec    .         Reflect  .   (no cloak)
rCorr    .         Harm     .   (no gloves)
MR       .....                  (no boots)
Stlth    +.........             (no amulet)
HPRegen  0.08/turn              (no ring)
MPRegen  0.10/turn              (no ring)

@: no status effects
A: no food or potions, fire vulnerability, cold resistance 1, negative energy
resistance 3, torment resistance, unbreathing
a: no special abilities


You were on level 3 of the Dungeon.
You were not hungry.

You visited 1 branch of the dungeon, and saw 3 of its levels.

You collected 27 gold pieces.

Inventory:

Hand Weapons
 c - a +1 hunting sling of flaming (weapon)
 g - a +0 blowgun
Missiles
 d - 48 stones (quivered)
Armour
 f - a cursed +0 leather armour (worn)
Wands
 a - a wand of scattershot (6)
Scrolls
 b - a scroll of fog {!r, unknown}
 e - 3 scrolls of identify {!r, unknown}


   Skills:
 - Level 1.5 Dodging
 - Level 1.5 Stealth
 + Level 3.3 Spellcasting
   Level 0.7 Conjurations
 * Level 3.3 Ice Magic


You had 7 spell levels left.
You knew the following spells:

 Your Spells              Type           Power        Failure   Level  Hunger
a - Freeze                Ice            ##..         6%          1    N/A

Your spell library contained the following spells:

 Spells                   Type           Power        Failure   Level  Hunger
 Throw Frost              Conj/Ice       #.....       17%         2    N/A
 Summon Ice Beast         Ice/Summ       #.......     77%         4    N/A
 Ozocubu's Armour         Chrm/Ice       #.......     36%         3    N/A
 Throw Icicle             Conj/Ice       #.......     73%         4    N/A

Dungeon Overview and Level Annotations

Branches:
Dungeon (3/15)

Altars:


Innate Abilities, Weirdness & Mutations

You do not eat or drink.
Your flesh is vulnerable to fire.
You are immune to poison.
Your flesh is cold resistant. (rC+)
You are immune to negative energy. (rN+++)
You are immune to unholy pain and torment.
You can survive without breathing.


Message History

Aim: an orc priest, wielding a dagger and wearing a leather armour You shoot a stone.
The stone barely misses the orc priest.
Firing (i - inventory)
d - 58 stones (quivered)
Press: ? - help, Shift-Dir - straight line, f/p - orc priest
Aim: an orc priest, wielding a dagger and wearing a leather armour You shoot a stone.
The stone hits the orc priest.
The stone burns the orc priest.
The orc priest is lightly wounded.
Quiver which item? (- for none, * to show all) (? for menu, Esc to quit)
Okay, then.
Firing (i - inventory)
d - 57 stones (quivered)
Press: ? - help, Shift-Dir - straight line, f/p - orc priest
Aim: an orc priest, wielding a dagger and wearing a leather armour (lightly wounded)
You shoot a stone. The stone barely misses the orc priest.
The orc priest miscasts a cantrip.
Firing (i - inventory)
d - 56 stones (quivered)
Press: ? - help, Shift-Dir - straight line, f/p - orc priest
Aim: an orc priest, wielding a dagger and wearing a leather armour (lightly wounded)
You shoot a stone.
The stone closely misses the orc priest.
Firing (i - inventory)
d - 55 stones (quivered)
Press: ? - help, Shift-Dir - straight line, f/p - orc priest
Aim: an orc priest, wielding a dagger and wearing a leather armour (lightly wounded)
You shoot a stone. The stone hits the orc priest.
The stone burns the orc priest.
The orc priest is moderately wounded.
Firing (i - inventory)
d - 54 stones (quivered)
Press: ? - help, Shift-Dir - straight line, f/p - orc priest
Aim: an orc priest, wielding a dagger and wearing a leather armour (moderately wounded)
You shoot a stone. The stone barely misses the orc priest.
Firing (i - inventory)
d - 53 stones (quivered)
Press: ? - help, Shift-Dir - straight line, f/p - orc priest
Aim: an orc priest, wielding a dagger and wearing a leather armour (moderately wounded)
You shoot a stone.
The stone closely misses the orc priest.
Firing (i - inventory)
d - 52 stones (quivered)
Press: ? - help, Shift-Dir - straight line, f/p - orc priest
Aim: an orc priest, wielding a dagger and wearing a leather armour (moderately wounded)
You shoot a stone. The stone hits the orc priest.
The stone burns the orc priest.
The orc priest is heavily wounded.
The shadow imp picks up a beetle and eats it.
Firing (i - inventory)
d - 51 stones (quivered)
Press: ? - help, Shift-Dir - straight line, f/p - orc priest
Aim: an orc priest, wielding a dagger and wearing a leather armour (heavily wounded)
You shoot a stone.
The stone hits the orc priest but does no damage.
The orc priest is heavily wounded.
The orc priest invokes the aid of Beogh against you.
Beogh smites you!
Firing (i - inventory)
d - 50 stones (quivered)
Press: ? - help, Shift-Dir - straight line, f/p - orc priest
Aim: an orc priest, wielding a dagger and wearing a leather armour (heavily wounded)
You shoot a stone. The stone barely misses the orc priest.
Firing (i - inventory)
d - 49 stones (quivered)
Press: ? - help, Shift-Dir - straight line, f/p - orc priest
Aim: an orc priest, wielding a dagger and wearing a leather armour (heavily wounded)
You shoot a stone. The stone hits the orc priest.
The stone burns the orc priest.
The orc priest is severely wounded.
The orc priest mumbles some strange prayers to Beogh against you.
Beogh smites you!
Ouch! That really hurt!
You die...

################
............#.<#.#
###########.##.#.#
.....55#P8#.##.#.#
≈≈≈≈≈≈≈#.P#.##.#.#
..≈≈≈..#..#..#.#.#
..≈⌠P..@.©#©...#.#
..≈≈P..#..#...##.#
≈≈≈≈≈≈≈#.P#.#.)..#
....)5o#P8#.######
###########.#
............#
.............
##############


You could see an orc priest and 3 shadow imps.

Vanquished Creatures
  An orc priest (D:3)
  An orc (D:3)
  A goblin (D:2)
  2 hobgoblins
  A bat (D:2)
  A frilled lizard (D:2)
  2 kobolds (D:2)
  A rat (D:1)
10 creatures vanquished.

Notes
Turn   | Place    | Note
-------+----------+-------------------------------------------
     0 | D:1      | Amnesiac the Mummy Ice Elementalist began the quest for the Orb.
     0 | D:1      | Reached XP level 1. HP: 13/13 MP: 4/4
   210 | D:2      | Reached XP level 2. HP: 19/19 MP: 5/5
   284 | D:3      | Found a transporter.
   410 | D:3      | Reached XP level 3. HP: 24/24 MP: 5/7
   442 | D:3      | Killed from afar by an orc priest

Skill      XL: |  1  2 |
---------------+-------+-----
Spellcasting   | 3 |  3.3
Ice Magic      | 3 |  3.3
Dodging        | |  1.5
Stealth        | |  1.5
Conjurations   | |  0.7

Action                   || total
-------------------------++-------
Melee: Unarmed           ||     3
 Fire: Hunting sling     ||    33
 Cast: Freeze            ||     8
Armor: Robe              ||     8
       Leather armour    ||     1
Dodge: Dodged            ||    26
